 Dungeon Crawl Stone Soup version 0.29-a0-330-g52719c12eb (webtiles) character file.

Game seed: 2995017565225032229

33 Ajdolov the Skirmisher (level 3, 0/39 HPs)
             Began as an Ogre Warper on May 12, 2022.
             Slain by a gnoll
             ... wielding a +0 spear
              (2 damage)
             ... on level 2 of the Dungeon.
             The game lasted 00:01:54 (2035 turns).

Ajdolov the Skirmisher (Ogre Warper)                Turns: 2035, Time: 00:01:55

Health: 0/39       AC:  3    Str: 15    XL:     3   Next: 29%
Magic:  6/6        EV:  9    Int: 16    God:
Gold:   103        SH:  0    Dex:  8    Spells: 6/6 levels left

rFire   . . .      SeeInvis .   a - +0 mace
rCold   . . .      Faith    .   (no shield)
rNeg    . . .      Spirit   .   b - +0 robe
rPois   .          Reflect  .   (helmet restricted)
rElec   .          Harm     .   (no cloak)
rCorr   .          Rampage  .   (gloves unavailable)
Will    .....                   (boots unavailable)
Stlth   +.........              (no amulet)
HPRegen 0.13/turn               (no ring)
MPRegen 0.10/turn               (no ring)

@: no status effects
A: large, unfitting armour, tough skin 1
a: no special abilities


You were on level 2 of the Dungeon.
You visited 1 branch of the dungeon, and saw 2 of its levels.

You collected 103 gold pieces.

Inventory:

Hand Weapons
 a - a +0 mace (weapon)
 p - a +2 whip of pain
Missiles
 d - 7 boomerangs of dispersal (quivered)
Armour
 b - a +0 robe (worn)
Scrolls
 c - a scroll of blinking
 g - a scroll of noise {unknown}
 h - a scroll of holy word {unknown}
 i - a scroll of fear {unknown}
 j - a scroll of enchant weapon {unknown}
 l - 3 scrolls of enchant armour {unknown}
 m - a scroll of amnesia {unknown}
 n - a scroll of identify {unknown}
 o - a scroll of fog {unknown}
Potions
 e - 2 potions of lignification {unknown}
 f - a potion of berserk rage {unknown}
 k - a potion of curing {unknown}


   Skills:
 * Level 4.3 Fighting
 + Level 2.3 Maces & Flails
 - Level 1.0 Throwing
 - Level 2.1 Dodging
 - Level 2.4 Spellcasting
 - Level 2.6 Translocations


You had 6 spell levels left.
You didn't know any spells.
Your spell library contained the following spells:

 Spells                   Type           Power      Damage    Failure   Level
 Blink                    Tloc           20%        N/A       10%         2
 Gell's Gravitas          Tloc           10%        N/A       21%         3
 Lesser Beckoning         Tloc           10%        N/A       21%         3
 Teleport Other           Tloc           10%        N/A       21%         3
 Frozen Ramparts          Ice            2%         1d2       52%         3
 Manifold Assault         Tloc           10%        N/A       88%         5
 Ice Form                 Ice/Tmut       1%         N/A       89%         4
 Summon Ice Beast         Ice/Summ       1%         N/A       89%         4


Dungeon Overview and Level Annotations

Branches:
Dungeon (2/15)

Altars:


Innate Abilities, Weirdness & Mutations

You are too large for most types of armour.
You have tough skin. (AC +1)


Message History

You kill the frilled lizard!
A bat comes into view.
A gnoll comes into view. It is wielding a +0 spear.
The bat moves out of view.
You see here a frilled lizard corpse. 2 gnolls come into view.
The gnoll shouts!
You hear an angry hiss.
The bat hits you.
Things that are here:
a +2 whip of pain; 4 stones
p - a +2 whip of pain The bat hits you but does no damage.
A worm comes into view. x2
The bat hits you.
You hit the bat.
You kill the bat!
The gnoll attacks as you move away! The gnoll closely misses you.
The gnoll attacks as you move away! The gnoll hits you with a +0 flail.
The gnoll attacks as you move away! The gnoll hits you with a +0 flail!
Okay, then.
You barely miss the gnoll. The gnoll closely misses you.
The gnoll hits you but does no damage. The gnoll misses you.
You hit the gnoll but do no damage. The gnoll barely misses you.
The gnoll completely misses you.
You hit the gnoll but do no damage.
The gnoll hits you from afar with a +0 spear.
The gnoll hits you but does no damage.
You thump the gnoll!
The gnoll is severely wounded.
The gnoll hits you with a +0 flail!
* * * LOW HITPOINT WARNING * * *
A frilled lizard comes into view.
The gnoll hits you from afar with a +0 spear.
* * * LOW HITPOINT WARNING * * *
You barely miss the gnoll.
The gnoll is severely wounded.
The gnoll hits you with a +0 flail!
* * * LOW HITPOINT WARNING * * *
The gnoll hits you from afar with a +0 spear.
You die...

#g###.<.#
#(w†.#
.#######..#
........w##
########.#
#g# #g# #g#
#@# #.# #.#
#.# #.# #.#
#.# #.# #.#


You could see 2 worms and 3 gnolls.

Vanquished Creatures
  2 dart slugs
  3 endoplasms (D:1)
  4 goblins
  2 hobgoblins
  4 kobolds
  A ball python (D:1)
  5 bats
  4 frilled lizards
  2 rats (D:2)
27 creatures vanquished.

Notes
Turn   | Place    | Note
-------+----------+-------------------------------------------
     0 | D:1      | Ajdolov the Ogre Warper began the quest for the Orb.
     0 | D:1      | Reached XP level 1. HP: 22/22 MP: 3/3
   115 | D:1      | Reached skill level 3 in Fighting
   354 | D:1      | Reached XP level 2. HP: 17/31 MP: 5/5
  1574 | D:2      | Reached skill level 4 in Fighting
  1708 | D:2      | Reached XP level 3. HP: 38/39 MP: 6/6
  2035 | D:2      | Slain by a gnoll

Illustrated notes

Levels and vault maps discovered:
D:1:      lemuel_arrival_broad_hall, layout_basic
D:2:      layout_loops_ring, dk_noncrumbling_3, minmay_pentomino_v4

Skill      XL: |  1  2 |
---------------+-------+-----
Fighting       | 3 4 |  4.3
Maces & Flails | 2 |  2.3
Throwing       | |  1.0
Dodging        | |  2.1
Spellcasting   | |  2.4
Translocations | |  2.6

Action                   || total
-------------------------++-------
Melee: Mace              ||    99
       Punch             ||     1
Armor: Robe              ||    36
Dodge: Dodged            ||    65

Table legend: (Time is in decaauts)
 A = Elapsed time spent in this place.
 B = Non-inter-level travel time spent in this place.
 C = Inter-level travel time spent in this place.
 D = Time resting spent in this place.
 E = Time spent auto-exploring this place.
 F = Levels seen in this place.
 G = Mean time per level.
                   A        B        C        D        E       F      G
               +--------+--------+--------+--------+--------+-----+--------+
         Total |   2063 |   1992 |     71 |      9 |   1685 |   2 | 1031.5 |
       Dungeon |   2063 |   1992 |     71 |      9 |   1685 |   2 | 1031.5 |
               +--------+--------+--------+--------+--------+-----+--------+

Top non-repeatable levels by time:
     D:1: 1532 daAuts
     D:2: 531 daAuts
